 Dungeon Crawl Stone Soup version 0.29.0-15-g675c0067aa (webtiles) character file.

Game seed: 15209355847358935428

397 freelancePsychic the Chopper (level 7, -2/61 HPs)
             Began as a Meteoran Fighter on Sept 11, 2022.
             Slain by a gnoll
             ... wielding a +0 spear
             ... led by a gnoll bouda
              (3 damage)
             ... on level 4 of the Dungeon.
             The game lasted 00:06:05 (904 turns).

freelancePsychic the Chopper (Meteoran Fighter)      Turns: 904, Time: 00:06:07

Health: -2/61      AC:  8    Str: 20    XL:     7   Next: 32%
Magic:  8/8        EV:  9    Int: 10    God:
Gold:   59         SH:  5    Dex: 13    Spells: 6/6 levels left

rFire   . . .      SeeInvis .   a - +0 war axe
rCold   . . .      Faith    .   c - +0 buckler
rNeg    . . .      Spirit   .   b - +0 scale mail
rPois   .          Reflect  .   (no helmet)
rElec   .          Harm     .   (no cloak)
rCorr   .          Rampage  .   h - +0 pair of gloves
Will    .....                   (no boots)
Stlth   ..........              (no amulet)
HPRegen 0.20/turn               (no ring)
MPRegen 0.11/turn               (no ring)

@: glowing
A: sense surroundings 1, otherworldly, glowing, explore regen
a: no special abilities


You were on level 4 of the Dungeon.
You visited 1 branch of the dungeon, and saw 5 of its levels.

You collected 59 gold pieces.

Inventory:

Hand Weapons
 a - a +0 war axe (weapon)
Missiles
 f - 6 poisoned darts (quivered)
Armour
 b - a +0 scale mail (worn)
 c - a +0 buckler (worn)
 h - a +0 pair of gloves (worn)
 m - a +0 chain mail
Jewellery
 e - a ring of protection from cold
Scrolls
 g - 3 scrolls of identify {@r1}
 j - a scroll of enchant weapon
Potions
 d - a potion of invisibility {unknown}


   Skills:
 + Level 5.2 Fighting
 * Level 6.9 Axes
 - Level 3.6 Armour
 - Level 3.6 Shields
 - Level 1.4 Evocations


You had 6 spell levels left.
You didn't know any spells.
Your spell library was empty.

Dungeon Overview and Level Annotations

Branches:
Dungeon (5/15) Zot: 2060
 Temple: D:4-7

Altars:
Makhleb
Yredelemnul

Annotations:
D:4 Grinder
D:5 Pikel


Innate Abilities, Weirdness & Mutations

You passively map a small area around you.
You are easily found by Zot.
You glow in the dark.
You regain HP and MP as you explore.


Message History

The gnoll hits you but does no damage.
You hit the gnoll bouda.
The gnoll bouda is severely wounded.
The gnoll bouda prays to its god.
The gnoll bouda is healed somewhat.
You barely miss the gnoll bouda.
The gnoll bouda is heavily wounded.
The gnoll bouda hits you with a +0 club.
* * * LOW HITPOINT WARNING * * *
You block the gnoll bouda's attack.
You hit the gnoll bouda.
The gnoll bouda is severely wounded.
Your attacks no longer feel as feeble.
You closely miss the gnoll bouda.
The gnoll bouda is severely wounded.
You slash the gnoll! The gnoll hits you with a +0 spear.
* * * LOW HITPOINT WARNING * * *
The gnoll bouda hits you with a +0 club.
* * * LOW HITPOINT WARNING * * *
You slash the gnoll bouda!
You kill the gnoll bouda!
You barely miss the gnoll.
The gnoll drinks a potion.
The gnoll is healed!
You hit the gnoll.
The gnoll is moderately wounded.
The gnoll hits you but does no damage.
You slash the gnoll!
The gnoll is severely wounded.
You closely miss the gnoll.
The gnoll is no longer moving quickly.
The gnoll hits you with a +0 club.
* * * LOW HITPOINT WARNING * * *
The gnoll hits you with a +0 spear.
* * * LOW HITPOINT WARNING * * *
You completely miss the gnoll.
The gnoll is severely wounded.
You closely miss the gnoll. You block the gnoll's attack.
The gnoll barely misses you.
You slash the gnoll!
You kill the gnoll!
You slash the gnoll! The gnoll hits you with a +0 spear.
You die...

#......#..#..##
#.....#..#..†.##
#.......#......#
####......#..#....#####
#........#..#.....'...#,
#.####.#......#...###.#.
#......###...##...# #.#.
######.############ #.#.
#.....g@....# ~≈≈≈###.#.
#.####)###..#≈♣.♣≈#.....
#. #...# +.._..'.#.#. #.
###g## #≈♣.♣≈###...
#.######..### ≈≈≈###...
##...........#######.#...
#........................
#...........#........#...
#........)..#........#...


You could see a gnoll.

Vanquished Creatures
  Duvessa (D:4)
  An ogre (D:4)
  A lemure (D:4)
  Dowan (D:4)
  A gnoll bouda (D:4)
  An iguana (D:4)
  Ijyb (D:3)
  2 adders
  5 gnolls (D:4)
  A worm (D:4)
  A dart slug (D:3)
  An orc (D:4)
  4 bats
  3 endoplasms
  3 giant cockroaches
  2 hobgoblins (D:3)
  2 jackals (D:3)
  2 ball pythons (D:4)
  4 goblins
  2 rats
  A spectral orc (D:3)
40 creatures vanquished.

Notes
Turn   | Place    | Note
-------+----------+-------------------------------------------
     0 | D:1      | freelancePsychic the Meteoran Fighter began the quest for
                  | the Orb.
     0 | D:1      | Reached XP level 1. HP: 19/19 MP: 2/2
    84 | D:1      | Reached XP level 2. HP: 26/26 MP: 3/3
    89 | D:1      | Reached skill level 3 in Axes
   225 | D:3      | Noticed Ijyb
   241 | D:3      | Killed Ijyb
   242 | D:3      | Reached skill level 4 in Axes
   242 | D:3      | Reached XP level 3. HP: 23/33 MP: 4/4
   242 | D:3      | Reached XP level 4. HP: 28/40 MP: 5/5
   347 | D:3      | Found a basalt altar of Yredelemnul.
   648 | D:4      | Reached skill level 1 in Evocations
   648 | D:4      | Reached XP level 5. HP: 18/46 MP: 6/6
   681 | D:4      | Reached skill level 5 in Axes
   685 | D:4      | Noticed an ogre
   689 | D:4      | Killed an ogre
   689 | D:4      | Noticed Grinder
   690 | D:4      | Reached XP level 6. HP: 53/53 MP: 7/7
   693 | D:4      | Noticed Duvessa
   698 | D:4      | Noticed Dowan
   704 | D:4      | Killed Duvessa
   705 | D:4      | Reached skill level 5 in Fighting
   705 | D:4      | Reached skill level 6 in Axes
   718 | D:4      | Killed Dowan
   719 | D:4      | Reached XP level 7. HP: 31/61 MP: 8/8
   756 | D:4      | Found a burning altar of Makhleb.
   797 | D:5      | Entered Level 5 of the Dungeon
   823 | D:5      | Noticed Pikel
   902 | D:4      | HP: 3/61 [gnoll/+0 club[a gnoll bouda] (4)]
   902 | D:4      | HP: 1/61 [gnoll/+0 spear[a gnoll bouda] (2)]
   904 | D:4      | Slain by a gnoll

Illustrated notes

Levels and vault maps discovered:
D:1:      dpeg_arrival_signposts, layout_rooms
D:2:      layout_basic, ebering_ecumenical_altar_hall, serial_glass,
          glass_columns_a, glass_columns_a, serial_park_tiny_pond, uniq_terence
D:3:      layout_loops_ring, zin_scriptorium,
          yredelemnul_forgotten_temple_becter, uniq_ijyb
D:4:      layout_basic, kennysheep_little_box,
          chequers_temple_overflow_statue_of_worship,
          minmay_misc_feat_diagonals, uniq_menkaure, uniq_duvessa, uniq_grinder,
          uniq_eustachio
D:5:      layout_loops_ring, minitemple, serial_shops,
          nicolae_shop_hallway_stairs, grunt_decor_cap, minmay_door_square,
          chequers_serial_rivers_small_3, nzn_random_ring, uniq_pikel

Skill      XL: |  1  2  3  4  5  6 |
---------------+-------------------+-----
Axes           | 4 5 6 |  6.9
Fighting       | 4 5 |  5.2
Evocations     | 1 |  1.4
Armour         | |  3.6
Shields        | |  3.6

Action                   |  1- 3 |  4- 6 |  7- 9 || total
-------------------------+-------+-------+-------++-------
Melee: War axe           |    25 |    48 |    49 ||   122
Throw: Dart              |       |     1 |     1 ||     2
Evoke: Wand              |       |     9 |       ||     9
  Use: Potion            |     1 |       |     1 ||     2
       Scroll            |       |     3 |       ||     3
Armor: Scale mail        |     7 |    24 |    14 ||    45
Dodge: Dodged            |     4 |    18 |    18 ||    40
Block: Buckler           |     9 |    13 |    15 ||    37
